AoeStats
← Dragon

Arena

509514781Analyzed
3v3 RM · 5d ago on Sep 27, 2026· 47m 19s· 6 players
Game mode
Random Map
Map size
Normal (6 player)
Population
200
Speed
Normal
Resources
Standard
Victory
Conquest
Starting age
Dark Age
Ending age
Imperial Age
RankedLock teamsTeams togetherTeam positionsShared explorationLock speedFull tech treeHidden civsTurbo modeCheats
Victory
Defeat
🇩🇪 Varangians · Germany
1310
+17
🇩🇪 Burgundians · Germany
1302
+18
🇩🇪 Portuguese · Germany
1288
+18
🇨🇴 Vietnamese · Colombia
1431
-22
🇨🇴 Hindustanis · Colombia
1302
-16
🇨🇴 Britons · Colombia
1277
-15
Dragon
12:51 Feudal Age
12:24 Double-Bit Axe
17:09 Castle Age
19:38 Wheelbarrow
21:32 Bow Saw
21:58 Horse Collar
24:03 Loom
24:25 Heavy Plow
30:49 Imperial Age
28:35 Hand Cart
29:27 Scale Barding Armor
29:47 Husbandry
29:07 Cavalier
30:26 Chain Barding Armor
30:17 Forging
30:32 Burgundian Vineyards
30:23 Stone Mining
31:01 Town Watch
32:32 Crop Rotation
32:41 Iron Casting
32:01 Gold Mining
31:38 Paladin
34:20 Two-Man Saw
35:15 Blast Furnace
36:15 Conscription
37:09 Chemistry
36:20 Fortified Wall
40:25 Plate Barding Armor
39:42 Fletching
39:52 Padded Archer Armor
40:59 Elite Skirmisher
siggi-lok
12:00 Feudal Age
15:39 Castle Age
13:44 Double-Bit Axe
13:59 Horse Collar
17:43 Heavy Plow
18:50 Loom
31:25 Imperial Age
29:41 Bow Saw
29:24 Gold Mining
30:53 Wheelbarrow
31:36 Fortified Wall
32:00 Padded Archer Armor
31:51 Fletching
33:09 Chemistry
33:06 Leather Archer Armor
33:14 Conscription
32:17 Elite Skirmisher
35:36 Hand Cart
35:07 Town Watch
35:57 Arquebus
36:50 Ring Archer Armor
37:24 Thumb Ring
37:50 Siege Engineers
39:23 Bodkin Arrow
42:58 Bracer
45:38 Elite Organ Gun
46:23 Murder Holes
46:38 Masonry
46:09 Treadmill Crane
47:10 Ballistics
46:33 Treadmill Crane
47:04 Masonry
Who am I
11:10 Feudal Age
12:22 Double-Bit Axe
12:31 Loom
14:49 Castle Age
12:47 Horse Collar
16:45 Wheelbarrow
16:23 Bow Saw
19:32 Bloodlines
22:52 Heavy Plow
25:46 Forging
26:17 Devotion
27:23 Scale Barding Armor
28:45 Hand Cart
28:20 Town Watch
31:36 Iron Casting
31:22 Chain Barding Armor
31:05 Husbandry
31:10 Gold Mining
31:12 Stone Mining
36:16 Imperial Age
33:31 Treadmill Crane
34:05 Scale Mail Armor
33:56 Fletching
35:42 Chain Mail Armor
35:23 Bodkin Arrow
35:29 Herbal Medicine
36:03 Squires
35:49 Arson
35:49 Gambesons
37:19 Conscription
38:23 Plate Mail Armor
40:29 Stone Shaft Mining
40:32 Plate Barding Armor
41:40 Blast Furnace
40:17 Gothikon
41:13 Light Cavalry
42:45 Elite Jarl
44:26 Hussar
Zell
5:37 Loom
10:16 Feudal Age
10:23 Feudal Age
12:55 Wheelbarrow
16:02 Castle Age
13:51 Double-Bit Axe
13:47 Horse Collar
14:19 Gold Mining
15:09 Scale Mail Armor
16:01 Stone Mining
23:37 Elite Skirmisher
24:40 Fletching
25:30 Bodkin Arrow
26:01 Padded Archer Armor
27:46 Leather Archer Armor
30:54 Imperial Age
28:15 Gambesons
28:30 Squires
28:59 Forging
29:10 Chain Mail Armor
28:19 Pikeman
31:08 Iron Casting
31:36 Bracer
32:03 Ballistics
34:31 Ring Archer Armor
35:50 Conscription
35:53 Yeomen
37:18 Chemistry
37:22 Plate Mail Armor
36:39 Arson
38:10 Blast Furnace
37:19 Halberdier
40:12 Hand Cart
40:30 Bow Saw
43:44 Two-Man Saw
42:44 Heavy Plow
46:48 Scale Barding Armor
sebastianschatzp
10:56 Feudal Age
11:36 Double-Bit Axe
11:48 Horse Collar
14:57 Castle Age
15:38 Heavy Plow
15:51 Bow Saw
17:05 Wheelbarrow
18:13 Hand Cart
22:37 Loom
23:17 Gold Mining
23:24 Stone Mining
24:12 Town Watch
25:20 Stone Shaft Mining
26:46 Fletching
32:07 Imperial Age
30:36 Bodkin Arrow
30:42 Padded Archer Armor
32:06 Ballistics
33:48 Chemistry
33:25 Crop Rotation
33:57 Two-Man Saw
34:04 Bracer
35:00 Pikeman
35:40 Squires
35:26 Arson
36:24 Leather Archer Armor
36:10 Scale Mail Armor
36:20 Forging
37:30 Siege Engineers
38:23 Chain Mail Armor
39:23 Halberdier
43:28 Plate Mail Armor
43:34 Iron Casting
Gutys08
11:26 Feudal Age
15:27 Castle Age
14:11 Double-Bit Axe
14:09 Horse Collar
16:14 Wheelbarrow
15:24 Town Watch
16:30 Heavy Plow
19:59 Loom
30:28 Hand Cart
35:55 Imperial Age
34:15 Padded Archer Armor
34:31 Fortified Wall
35:37 Leather Archer Armor
37:37 Chemistry
37:18 Ring Archer Armor
36:51 Shatagni
37:12 Conscription
38:19 Grand Trunk Road
39:36 Gold Mining
40:29 Scale Barding Armor
40:35 Forging
41:03 Husbandry
41:14 Bloodlines
42:07 Chain Barding Armor
41:23 Heavy Camel Rider
43:18 Imperial Camel Rider
46:16 Town Patrol
Connection lost

Rejoining the realm…

Still unreachable

The connection could not be restored.

Session expired

The server has moved on; the page needs a fresh start.